 Dungeon Crawl Stone Soup version 0.30-a0-722-g3e6e8c874d (webtiles) character file.

Game seed: 14095482769005750212

1957 ragingrage the Grappler (level 8, -1/68 HPs)
             Began as a Troll Transmuter on Jan 27, 2023.
             Was a Follower of Wu Jian.
             Slain by a two-headed ogre
             ... wielding a +0 giant spiked club
              (13 damage)
             ... on level 6 of the Dungeon.
             The game lasted 00:05:50 (5329 turns).

ragingrage the Grappler (Troll Transmuter)          Turns: 5329, Time: 00:05:50

Health: -1/68      AC:  4    Str: 19    XL:     8   Next: 99%
Magic:  6/8        EV:  9    Int: 11    God:    Wu Jian [*.....]
Gold:   285        SH:  0    Dex: 10    Spells: 0/9 levels left

rFire   . . .      SeeInvis .      - Unarmed
rCold   . . .      Faith    +    (no shield)
rNeg    . . .      Spirit   .    a - +0 robe
rPois   .          Reflect  .    (helmet currently unavailable)
rElec   .          Harm     .    (no cloak)
rCorr   .          Rampage  .    (gloves unavailable)
Will    .....                    (boots unavailable)
Stlth   +                        r - amulet of faith
HPRegen 1.11/turn                c - +4 ring of slaying
MPRegen 0.11/turn                (no ring)

@: appendages, wereblooded
A: horns 2, talons 2, large, unfitting armour, claws 3, regeneration 1, shaggy
fur 1, tough skin 1
a: End Transformation, Renounce Religion


You were on level 6 of the Dungeon.
You worshipped Wu Jian.
Wu Jian was aware of your devotion.
You had temporarily grown beastly horns and talons.
You visited 1 branch of the dungeon, and saw 6 of its levels.

You collected 375 gold pieces.
You spent 90 gold pieces at shops.

Inventory:

Hand Weapons
 x - the +11 trident of Anxiety {flame, Drain Will+ Str+3 Int+3}
   (You found it on level 5 of the Dungeon)

   Str:       It affects your strength (+3).
   Int:       It affects your intelligence (+3).
   Drain:     It drains your maximum health when unequipped.
   Will:      It increases your willpower.
Missiles
 l - 5 poisoned darts
 u - 3 boomerangs
Armour
 a - a +0 robe (worn)
Jewellery
 c - a +4 ring of slaying (left claw)
 m - a ring of ice
 r - an amulet of faith (around neck)
 y - a ring of ice
Wands
 k - a wand of roots (5)
 p - a wand of flame (32)
 w - a wand of acid (8)
Scrolls
 d - 2 scrolls of vulnerability {unknown}
 g - 2 scrolls of immolation {unknown}
 j - 12 scrolls of identify {unknown}
 n - 3 scrolls of teleportation {unknown}
 o - 2 scrolls of poison {unknown}
 A - a scroll of torment {unknown}
 B - a scroll of fear {unknown}
Potions
 b - 4 potions of lignification
 e - a potion of haste {unknown}
 f - a potion of might {unknown}
 h - 3 potions of curing
 i - 2 potions of ambrosia {unknown}
 q - a potion of resistance {unknown}
 s - 2 potions of mutation {unknown}
 t - 3 potions of flight {unknown}
 v - a potion of heal wounds {unknown}
 z - a potion of magic {unknown}


   Skills:
 - Level 0.7 Fighting
 - Level 1.5 Dodging
 + Level 9.4 Unarmed Combat
 - Level 1.2 Spellcasting
 + Level 5.5 Transmutations
 + Level 2.4 Earth Magic


You couldn't memorise any spells.
You knew the following spells:

 Your Spells              Type           Power      Damage    Failure   Level
a - Beastly Appendage     Tmut           24%        N/A       3%          1
b - Wereblood             Tmut           12%        N/A       4%          2
c - Statue Form           Tmut/Erth      6%         N/A       100%        6

Your spell library contained the following spells:

 Spells                   Type           Power      Damage    Failure   Level
 Sting                    Tmut/Pois      24%        1d4       11%         1
 Spider Form              Tmut/Pois      6%         N/A       30%         3
 Summon Small Mammal      Summ           0%         N/A       32%         1
 Cigotuvi's Dreadful Rot  Necr/Pois/Air  0%         N/A       43%         2
 Call Canine Familiar     Summ           0%         N/A       67%         3
 Summon Guardian Golem    Hex/Summ       0%         N/A       67%         3
 Ice Form                 Ice/Tmut       6%         N/A       71%         4
 Leda's Liquefaction      Hex/Erth       1%         N/A       88%         4
 Lee's Rapid Deconstruct  Erth           3%         3d5*      97%         5
 Summon Forest            Summ/Tloc      0%         N/A       100%        5
 Summon Mana Viper        Hex/Summ       0%         N/A       100%        5
 Starburst                Conj/Fire      0%         6d3       100%        6
 Summon Cactus Giant      Summ           0%         N/A       100%        6
 Orb of Destruction       Conj           0%         9d5       100%        7
 Spellforged Servitor     Conj/Summ      0%         N/A       100%        7
 Ignition                 Fire           0%         3d3       100%        8


Dungeon Overview and Level Annotations

Branches:
Dungeon (6/15)             Temple (0/1) D:5

Altars:
Kikubaaqudgha
Sif Muna
Trog
Uskayaw
Wu Jian
Zin
The Shining One

Shops:
D:3 (   D:5 (

Annotations:
D:2 1 runed translucent door, exclusion: downstairs, Crazy Yiuf
D:3 1 runed translucent door, NinjaNoafa's ghost, amateur GrEE
D:4 1 runed translucent door, Irreverend's ghost, amateur TrFi


Innate Abilities, Weirdness & Mutations

You have temporarily grown beastly horns and talons.
You are too large for most types of armour.
You have claws for hands.
Your natural rate of healing is unusually fast.
You are covered in fur. (AC +1)
You have tough skin. (AC +1)


Message History

An adder is nearby!
An adder is nearby!
An adder is nearby!
An adder is nearby!
Casting: Wereblood (safe; 4% risk of failure)
Confirm with . or Enter, or press ? or * to list all spells.
You grow a pair of large bovine horns.
Your feet morph into talons.
A two-headed ogre comes into view.
It is wielding a +0 giant spiked club and a +0 giant club.
Casting: Beastly Appendage (safe; 3% risk of failure)
Confirm with . or Enter, or press ? or * to list all spells.
Your blood is infused with primal strength.
The two-headed ogre shouts in stereo!
You claw the adder!
You kill the adder!
The Council accepts your kill.
You see here an adder corpse.
You scratch the two-headed ogre. You claw the two-headed ogre!
The two-headed ogre is lightly wounded.
The two-headed ogre hits you with a +0 giant spiked club!
The two-headed ogre hits you with a +0 giant club!
You are too injured to fight recklessly!
You closely miss the two-headed ogre. You claw the two-headed ogre.
The two-headed ogre is lightly wounded.
The two-headed ogre barely misses you.
The two-headed ogre completely misses you.
You claw the two-headed ogre!
The two-headed ogre is heavily wounded.
You closely miss the two-headed ogre. Your kick misses the two-headed ogre.
The two-headed ogre is heavily wounded.
The two-headed ogre hits you with a +0 giant spiked club!
The two-headed ogre barely misses you.
You scratch the two-headed ogre. Your kick misses the two-headed ogre.
The two-headed ogre is heavily wounded.
You claw the two-headed ogre!
You claw the two-headed ogre, but do no damage.
The two-headed ogre is severely wounded.
The two-headed ogre hits you with a +0 giant spiked club!!
* * * LOW HITPOINT WARNING * * *
The two-headed ogre hits you with a +0 giant club!
You die...

#.#.≈...§...≈..# #.
#.#.≈.≈≈≈≈≈.≈..# ##
#...≈.≈...≈.≈..# ##.
##..≈..._.≈.≈..# #..
..≈.≈...≈.≈..# #).
..≈.≈≈§≈≈.≈..# ##..
..≈.......≈..########..#
..≈≈≈≈≈≈≈≈≈.............
......O@.....###########
......#####..### # ....#
##...## ... ##.###.## #
#.## ##.# #.# #.# #.##
##.# ##.###.## # ##...##
#


You could see a two-headed ogre.

Vanquished Creatures
  Sigmund (D:2)
  A water moccasin (D:5)
  5 black bears
  A sky beast (D:6)
  An ice beast (D:5)
  An ogre (D:5)
  A kobold brigand (D:5)
  A phantom (D:5)
  2 bullfrogs (D:6)
  2 scorpions
  5 hounds
  A jelly (D:5)
  Jessica (D:3)
  3 iguanas
  2 orc wizards (D:4)
  Robin (D:2)
  4 gnolls
  9 adders
  3 ufetubi
  2 worms
  3 dart slugs
  8 orcs
  11 bats
  6 endoplasms
  2 giant cockroaches
  18 goblins
  10 hobgoblins
  13 kobolds
  4 quokkas
  6 ball pythons
  5 frilled lizards
  4 rats
137 creatures vanquished.

Vanquished Creatures (others)
  13 plants (D:2)
13 creatures vanquished.

Grand Total: 150 creatures vanquished

Notes
Turn   | Place    | Note
-------+----------+-------------------------------------------
     0 | D:1      | ragingrage the Troll Transmuter began the quest for the
                  | Orb.
     0 | D:1      | Reached XP level 1. HP: 18/18 MP: 1/1
   294 | D:1      | Reached XP level 2. HP: 26/26 MP: 0/2
   659 | D:1      | Learned a level 2 spell: Wereblood
   711 | D:2      | Reached XP level 3. HP: 32/32 MP: 0/3
  1085 | D:2      | Reached skill level 4 in Unarmed Combat
  1098 | D:2      | Noticed Sigmund
  1189 | D:2      | Reached XP level 4. HP: 32/40 MP: 0/4
  1427 | D:2      | Noticed Robin
  1436 | D:2      | Killed Robin
  1533 | D:2      | Found a faded altar of an unknown god.
  1632 | D:2      | Found a runed translucent door.
  1633 | D:2      | Noticed Crazy Yiuf
  1673 | D:2      | Killed Sigmund
  1674 | D:2      | Reached skill level 5 in Unarmed Combat
  1674 | D:2      | Reached XP level 5. HP: 42/46 MP: 3/5
  1674 | D:2      | Reached XP level 6. HP: 49/54 MP: 3/6
  2081 | D:3      | Found a runed translucent door.
  2086 | D:3      | Noticed NinjaNoafa's ghost (amateur GrEE)
  2102 | D:3      | Noticed Jessica
  2105 | D:3      | Killed Jessica
  2164 | D:3      | Found a glowing golden altar of the Shining One.
  2173 | D:3      | Found a hide-covered altar of Uskayaw.
  2265 | D:3      | Found an ornate altar of the Wu Jian Council.
  2323 | D:3      | Found an ancient bone altar of Kikubaaqudgha.
  2401 | D:3      | Found Rioturpho's Weapon Shop.
  2655 | D:3      | Noticed a spectral centipede
  2655 | D:3      | Noticed a spectral black mamba
  2655 | D:3      | Noticed a spectral cane toad
  2669 | D:3      | Became a worshipper of the Wu Jian Council
  2732 | D:4      | Found a runed translucent door.
  2783 | D:4      | Reached skill level 6 in Unarmed Combat
  2847 | D:4      | Reached XP level 7. HP: 61/61 MP: 3/7
  2953 | D:4      | Found Zin's Purification Station.
  2956 | D:4      | Found a glowing silver altar of Zin.
  2959 | D:4      | Bought a potion of curing for 90 gold pieces
  3010 | D:4      | Got the Parchment of Envenoming and Incandescence
  3064 | D:4      | Noticed Irreverend's ghost (amateur TrFi)
  3308 | D:5      | Entered Level 5 of the Dungeon
  3388 | D:5      | Found Bataebef's Weapon Boutique.
  3394 | D:5      | Reached * piety under Wu Jian
  3598 | D:5      | Reached skill level 7 in Unarmed Combat
  3598 | D:5      | Reached skill level 5 in Transmutations
  3707 | D:5      | Found a shimmering blue altar of Sif Muna.
  3780 | D:5      | Found a staircase to the Ecumenical Temple.
  3870 | D:5      | Reached XP level 8. HP: 57/68 MP: 8/8
  4016 | D:5      | Reached skill level 8 in Unarmed Combat
  4084 | D:5      | Identified the +11 trident of Anxiety {flame, Drain Will+
                  | Str+3 Int+3}
  4312 | D:5      | Learned a level 6 spell: Statue Form
  4609 | D:6      | Reached skill level 9 in Unarmed Combat
  4624 | D:6      | Reached skill level 1 in Earth Magic
  4625 | D:6      | Found a bloodstained altar of Trog.
  5319 | D:6      | Noticed a two-headed ogre
  5329 | D:6      | Slain by a two-headed ogre

Illustrated notes

Levels and vault maps discovered:
D:1:      lightli_arrival_flooded_house, layout_basic
D:2:      layout_loops_ring, dilly_ecumenical_altar_fadedgnrine, uniq_robin,
          uniq_sigmund, uniq_crazy_yiuf_cottage
D:3:      layout_rooms, marbit_many_paths, pdpol_wu_jian_five_deadly_venoms,
          mainiacjoe_overflow_swirl, serial_shops, shop,
          hellmonk_ghost_happy_afterlife, minmay_mini_jars, uniq_jessica
D:4:      layout_rooms, zin_purify, ebering_ghost_reflecting_pool
D:5:      layout_cave_pods, kennysheep_orc_sif_temple,
          minmay_temple_entry_water_ring, serial_shops, shop, minivault_24,
          minmay_pentangle
D:6:      layout_loops_corners, mainiacjoe_overflow_concentric_impassable,
          hangedman_abyss_or_decor_passed

Skill      XL: |  1  2  3  4  5  6  7  8 |
---------------+-------------------------+-----
Transmutations | 2 3 4 5 |  5.5
Unarmed Combat | 4 5 6 7 9 |  9.4
Earth Magic    | 2 |  2.4
Fighting       | |  0.7
Dodging        | |  1.5
Spellcasting   | |  1.2

Action                     |  1- 3 |  4- 6 |  7- 9 || total
---------------------------+-------+-------+-------++-------
  Melee: Unarmed           |    65 |   104 |   106 ||   275
         Headbutt          |     4 |     3 |    13 ||    20
         Kick              |     3 |    13 |    18 ||    34
         Punch             |       |       |     4 ||     4
   Cast: Beastly Appendage |    13 |    17 |    21 ||    51
         Wereblood         |     4 |    15 |    20 ||    39
Ability: Lunge             |       |     2 |     9 ||    11
  Evoke: Wand              |       |     1 |       ||     1
   Stab: Sleeping          |       |     1 |       ||     1
 Armour: Robe              |    22 |    34 |    20 ||    76
  Dodge: Dodged            |    17 |    36 |    31 ||    84

Table legend: (Time is in decaauts)
 A = Elapsed time spent in this place.
 B = Non-inter-level travel time spent in this place.
 C = Inter-level travel time spent in this place.
 D = Time resting spent in this place.
 E = Time spent auto-exploring this place.
 F = Levels seen in this place.
 G = Mean time per level.
                   A        B        C        D        E       F      G
               +--------+--------+--------+--------+--------+-----+--------+
         Total |   5301 |   4975 |    326 |    138 |   3915 |   6 |  883.5 |
       Dungeon |   5301 |   4975 |    326 |    138 |   3915 |   6 |  883.5 |
               +--------+--------+--------+--------+--------+-----+--------+

Top non-repeatable levels by time:
     D:5: 1278 daAuts
     D:2: 1096 daAuts
     D:3: 828 daAuts
     D:1: 761 daAuts
     D:6: 730 daAuts
     D:4: 605 daAuts
